 Dungeon Crawl Stone Soup version 0.17-a0-2109-g117576f (webtiles) character file.

331 septik the Cleaver (level 6, -9/51 HPs)
             Began as a Minotaur Berserker on Oct 19, 2015.
             Was a Believer of Trog.
             Mangled by a decayed bog body (11 damage)
             ... on level 4 of the Dungeon.
             The game lasted 00:08:12 (2747 turns).

septik the Cleaver (Minotaur Berserker)             Turns: 2747, Time: 00:08:13

Health: -9/51      AC:  9    Str: 24    XL:     6   Next: 26%
Magic:  5/5        EV:  8    Int:  4    God:    Trog [**....]
Gold:   169        SH:  0    Dex:  9    Spells: 0 memorised, 5 levels left

rFire  . . .     SeeInvis .     h - +2 whip (elec)
rCold  . . .     Clarity  .     x - +0 chain mail
rNeg   . . .     SustAt   .     (no shield)
rPois  .         Gourm    .     (helmet restricted)
rElec  .         Spirit   .     (no cloak)
rCorr  .         Warding  .     (no gloves)
rMut   .         Stasis   .     r - +0 pair of boots
MR     .....                    (no amulet)
Stlth  ..........               (no ring)
                                (no ring)

@: not resistant to hostile enchantments, extremely unstealthy
A: retaliatory headbutt, horns 2
a: Berserk, Trog's Hand, Burn Spellbooks, Renounce Religion


You were on level 4 of the Dungeon.
You worshipped Trog.
Trog was pleased with you.
You were near starving.

You visited 1 branch of the dungeon, and saw 4 of its levels.
You also visited: Ossuary.

You collected 169 gold pieces.

Inventory:

Hand Weapons
 a - a +0 hand axe
 h - a +2 whip of electrocution (weapon)
 n - a +0 hand axe
Missiles
 j - 79 stones (quivered)
Armour
 b - a +0 animal skin
 f - a +2 robe of positive energy
 r - a +0 pair of boots (worn)
 x - a +0 chain mail (worn)
Jewellery
 v - an uncursed amulet of faith {unknown}
 y - an uncursed ring of sustain attributes {unknown}
Wands
 s - a wand of lightning (6)
Scrolls
 i - 2 scrolls of teleportation
 p - a scroll of blinking
Potions
 k - a potion of lignification {unknown}
 l - 2 potions of curing {unknown}
 q - a potion of invisibility {unknown}
 u - a potion of brilliance {unknown}
 B - a potion of heal wounds {unknown}
Comestibles
 c - 3 bread rations
 d - 2 meat rations
 z - 2 fruits
 A - a beef jerky


   Skills:
 - Level 3.6 Fighting
 + Level 8.5 Axes
 - Level 2.4 Armour
 - Level 2.1 Dodging


You had 5 spell levels left.
You didn't know any spells.

Dungeon Overview and Level Annotations

Branches:
Dungeon (4/15)             Temple (0/1) D:4

Altars:
Kikubaaqudgha
Trog
Vehumet
Zin


Innate Abilities, Weirdness & Mutations

You reflexively headbutt those who attack you in melee.
You have a pair of horns on your head.


Message History

You hit the decayed bog body but do no damage.
You hit the decayed bog body.
The decayed bog body is moderately damaged.
The decayed bog body hits you.
The decayed bog body completely misses you.
You barely miss the decayed bog body. You headbutt the decayed bog body.
The decayed bog body is heavily damaged.
The decayed bog body hits you!
* * * LOW HITPOINT WARNING * * *
The decayed bog body touches you.
* * * LOW HITPOINT WARNING * * *
The decayed bog body freezes you.
* * * LOW HITPOINT WARNING * * *
There is a gate leading back out of this place here.
The decayed bog body casts a spell at you.
You resist with some effort.
Welcome back to the Dungeon!
There is a collapsed entrance here.
The decayed bog body hits you!
You die...

*,,,#...........#,,,,+,,,,,,,
*,,,+...........+,,,,*,,,,,,,
*,**#######.#.###***,**,,**,*
*,***###8##.#.8###**+**+***,*
*,+,,....#....#..+,,,,,,,,,,,
*,*,..........#..#,,,,,,,**,*
*,**.##.#......#****,**+***+*
*+**,*#,#.##..##****+**,,**,,
*,+,,,,,#...@#......,,,,,**+*
*,*.....8###n.8.....,,,,,**,*
*,*..?..+,,.........,,,,,,,,,
*,*#####**#.##.#####,**,,**,*
*+********#.**.#****,***+**+*
*,,,,,*,,,..,,..,+,,,,,,,,,,,
*,,,,,*,,,..,,,..*,,,,,,,,,,,
*,,,,,+,,##.**,..#*,*,*,*,*,*
*,,**,**,**,**,,,**,,,,,,,,,,


You could see a decayed bog body.

Vanquished Creatures
  Sigmund (D:2)
  A bog body (Ossuary)
  A mummy (Ossuary)
  8 adders
  3 worms
  2 giant geckos
  5 giant cockroaches
  6 hobgoblins
  3 jackals (D:2)
  7 bats
  2 giant newts
  7 goblins
  7 kobolds
  7 rats
60 creatures vanquished.

Vanquished Creatures (others)
  A plant (Ossuary)
1 creature vanquished.

Grand Total: 61 creatures vanquished

Notes
Turn   | Place    | Note
--------------------------------------------------------------
     0 | D:1      | septik the Minotaur Berserker began the quest for the Orb.
     0 | D:1      | Reached XP level 1. HP: 19/19 MP: 0/0
   107 | D:1      | Reached skill level 4 in Axes
   162 | D:1      | Reached XP level 2. HP: 15/26 MP: 1/1
   844 | D:2      | Reached skill level 5 in Axes
   876 | D:2      | Noticed Sigmund
   877 | D:2      | Found a radiant altar of Vehumet.
   883 | D:2      | Killed Sigmund
   883 | D:2      | Reached skill level 7 in Axes
   883 | D:2      | Reached XP level 3. HP: 30/31 MP: 2/2
   883 | D:2      | Reached XP level 4. HP: 37/39 MP: 3/3
   883 | D:2      | Reached XP level 5. HP: 42/45 MP: 4/4
  1065 | D:2      | Reached ** piety under Trog
  1238 | D:2      | Found a glowing silver altar of Zin.
  1616 | D:2      | Reached skill level 8 in Axes
  1639 | D:2      | Found a bloodstained altar of Trog.
  1863 | D:3      | Found an ancient bone altar of Kikubaaqudgha.
  1945 | D:3      | Reached XP level 6. HP: 45/51 MP: 5/5
  2708 | D:4      | Found a sand-covered staircase.
  2716 | Ossuary  | Entered an ossuary
  2742 | Ossuary  | HP: 1/51 [decayed bog body (6)]
  2747 | D:4      | Mangled by a decayed bog body

Vault maps used:
D:1:      lightli_arrival_windingriver
D:2:      nicolae_overflow_crystal_walls, lightli_temple_of_fire,
          lemuel_doored_altar, uniq_sigmund
D:3:      kiku_gazebo_garden_becter
D:4:      gammafunk_temple_overflow_pools, minmay_temple_entry_glass,
          first_bread, lightli_ossuary_entry_decrepit_ruins,
          cheibrodos_ashenzari_chains, uniq_menkaure
Ossuary:  ossuary_zaba_flooded

Action                   |  1- 3 |  4- 6 || total
-------------------------+-------+-------++-------
Melee: Hand axe          |    47 |    81 ||   128
       Whip              |       |    17 ||    17
Throw: Stone             |       |    10 ||    10
Invok: Berserk           |     1 |       ||     1
  Use: Scroll            |       |     8 ||     8
 Stab: Sleeping          |     1 |     4 ||     5
  Eat: Chunk             |       |     5 ||     5
